cohdb
Replays
Latest Replays
All Replays
Popular Replays
Top Player Replays
Match Explorer
How It Works
Community
CoH3 Stats
Reddit
Sign in to upload your games and track your stats! →
Sign in with Steam
Match 37844176
Unlisted
Match 37844176
Overview
Messages
Build Orders
End
Panzergrenadier Squad
250 Light Carrier
Panzergrenadier Squad
Construct Light Support Kompanie
Combat Half-tracks
Selects Italian Infantry
Panzerjäger Squad
Fire Support Elements
Selects Guastatori Squad
Guastatori Squad
le.IG 18 Mechanized Group
Veteran Squad Leaders
Construct Panzerarmee Kommand
Selects Defensive Operations
Selects Registered Artillery
Panzer III L Medium Tank
Registered Artillery
Selects Prepared Positions
Armored Reserves
Tungsten Core Ammunition
Emergency Repair Kits
Vehicle Survival Package
Selects Towed Cannone da 105/28 Field Howitzer
Registered Artillery
Tiger Heavy Tank
Rapid Advance
Advanced Optics
Kwarzym
Funky Ayylien
Achilles Gaming @ YouTube
STALKER4732
kit.ohume
Devochkin
0
0
Comments
sign in to comment!
No comments posted yet!